AoeStats
← Theluckyman7467

Arabia

506509920Analyzed
3v3 RM · 18d ago on Sep 13, 2026· 34m 48s· 6 players
Game mode
Random Map
Map size
Normal (6 player)
Population
200
Speed
Normal
Resources
Standard
Victory
Conquest
Starting age
Dark Age
Ending age
Imperial Age
RankedLock teamsTeams togetherTeam positionsShared explorationLock speedFull tech treeHidden civsTurbo modeCheats
Victory
Defeat
🇧🇷 Byzantines · Brazil
1020
+18
🇺🇸 Britons · United States
1018
+18
🇭🇺 Burmese · Hungary
981
+19
🇺🇾 Chinese · Uruguay
1103
-20
🇺🇾 Goths · Uruguay
1099
-20
🇦🇷 Spanish · Argentina
967
-15
BittenDork
10:34 Feudal Age
10:46 Loom
11:13 Double-Bit Axe
19:12 Castle Age
18:03 Fletching
19:40 Crossbowman
27:08 Ballistics
31:11 Imperial Age
29:54 Bodkin Arrow
31:22 Bow Saw
31:34 Arbalester
32:24 Bracer
Bollzin
8:48 Loom
11:02 Feudal Age
15:30 Scale Barding Armor
20:26 Castle Age
20:13 Forging
20:12 Scale Barding Armor
22:56 Double-Bit Axe
24:49 Forging
26:45 Bow Saw
26:53 Horse Collar
28:10 Chain Barding Armor
29:13 Iron Casting
túrósfaszú
5:36 Loom
10:31 Feudal Age
19:50 Castle Age
18:16 Fletching
20:58 Gold Mining
Jelonz
0:36 Loom
9:54 Feudal Age
10:02 Man-at-Arms
20:39 Wheelbarrow
20:34 Double-Bit Axe
22:44 Town Watch
26:45 Castle Age
25:07 Horse Collar
25:43 Fletching
28:30 Hand Cart
28:39 Squires
28:02 Pikeman
29:25 Anarchy
30:36 Scale Mail Armor
Maximo7z
1:14 Loom
10:58 Feudal Age
17:14 Castle Age
15:29 Double-Bit Axe
15:37 Horse Collar
18:32 Bow Saw
20:22 Stone Mining
23:04 Wheelbarrow
24:23 Fletching
25:09 Bodkin Arrow
26:16 Padded Archer Armor
27:12 Town Watch
27:37 Heavy Plow
30:14 Thumb Ring
30:32 Ballistics
31:23 Gold Mining
32:47 Hand Cart
33:51 Town Patrol
Theluckyman7467
7:25 Loom
10:13 Feudal Age
17:51 Town Watch
20:26 Castle Age
18:56 Scale Barding Armor
18:45 Double-Bit Axe
23:13 Fletching
24:02 Bodkin Arrow
24:08 Padded Archer Armor
23:48 Elite Skirmisher
24:45 Bow Saw
24:32 Horse Collar
27:24 Wheelbarrow
27:56 Leather Archer Armor
29:32 Heavy Plow
31:40 Hand Cart
34:41 Thumb Ring
Connection lost

Rejoining the realm…

Still unreachable

The connection could not be restored.

Session expired

The server has moved on; the page needs a fresh start.